[Event "Istanbul Open 2018"]
[Site "Istanbul"]
[Date "2018.09.02"]
[Round "1"]
[White "Yilmaz, Kuzey"]
[Black "Yildiz, Erhan"]
[Result "0-1"]
[ECO "C54"]
[WhiteElo "1414"]
[BlackElo "1777"]
[Annotator "NA"]
[PlyCount "78"]
[EventDate "2018.09.02"]
[EventType "swiss"]
[EventCountry "TUR"]
[SourceTitle "playchess.com"]
[Source "ChessBase"]
[SourceQuality "1"]
[TimeControl "5400+30"]

1. e4 e5 2. Nf3 Nc6 3. Bc4 Bc5 4. c3 Nf6 5. d4 exd4 6. e5 d5 7. Bb5 Ne4 8. cxd4 Bb4+ 9. Bd2 Nxd2 10. Nbxd2 O-O 11. Qa4 Bxd2+ 12. Nxd2 Qg5 13. g3 Bd7 14. f4 Qg6 15. Bxc6 Bxc6 16. Qb3 a6 17. O-O b6 18. Rac1 Rac8 19. Qc2 Bb5 20. Qxg6 hxg6 21. Rf3 c5 22. Rfc3 c4 23. b3 Rfd8 24. bxc4 dxc4 25. Nxc4 Rxd4 26. Nxb6 Rxc3 27. Rxc3 Rd1+ 28. Kf2 Rd2+ 29. Ke3 Rxa2 30. h4 Kf8 31. Nc8 a5 32. Nd6 Bd7 33. Nc4 a4 34. Kd4 Ke7 35. Ke3 Ke6 36. Nd6 Rb2 37. Nc4 Rb3 38. Rxb3 axb3 39. Kd3 Bb5 0-1

[Event "Istanbul Open 2018"]
[Site "Istanbul"]
[Date "2018.09.02"]
[Round "2"]
[White "Aliakbarov, Anar"]
[Black "Oztekin, Kerem Can"]
[Result "1-0"]
[ECO "A60"]
[WhiteElo "2322"]
[BlackElo "1943"]
[Annotator "NA"]
[PlyCount "107"]
[EventDate "2018.09.02"]
[EventType "swiss"]
[EventCountry "TUR"]
[SourceTitle "playchess.com"]
[Source "ChessBase"]
[SourceQuality "1"]
[TimeControl "5400+30"]

1. d4 Nf6 2. c4 c5 3. d5 e6 4. Nc3 exd5 5. cxd5 Bd6 6. Bg5 {[%emt 0:00:00] A60: Modern Benoni: Early Divergences} O-O 7. e3 Re8 8. Nf3 (8. Bd3 Bf8 9. d6 Re6 10. Nf3 Rxd6 11. Bf4 Rb6 12. Bc4 Rb4 13. Ne5 Rxc4 14. Nxc4 {½-½ (69) Mamedyarov,S (2747)-Li,C (2751) Huaian 2016}) 8... Bf8 9. Bd3 {[%emt 0:03:00] LiveBook: 8 Games} d6 10. Nd2 a6 $146 ({Predecessor:} 10... Nbd7 11. O-O a6 12. a4 Rb8 13. Rc1 h6 {½-½ (68) Janik,P (2012)-Chlpik,M (2120) Banska Stiavnica 2012}) 11. a4 Nbd7 12. Nc4 Qc7 13. O-O Rb8 14. a5 g6 15. e4 Bg7 {[%emt 0:02:30] [#]} 16. f4 (16. Bf4 $1 $16 Ne5 17. Nxe5 dxe5 18. Be3) 16... h6 {[%emt 0:06:30] [#]} (16... b5 $1 $11 {and Black is okay.} 17. axb6 Nxb6) 17. Bh4 (17. Bxf6 $1 $16 Nxf6 18. Qf3) 17... b5 18. axb6 $1 Nxb6 19. e5 Nxc4 20. Bxc4 dxe5 21. d6 Qd8 22. fxe5 Rxe5 23. d7 Bxd7 24. Rxa6 g5 25. Bg3 Rf5 26. Bxb8 Qxb8 27. Rxf5 ({White should try} 27. Rxf6 $16 Bxf6 28. Qxd7 Bd4+ 29. Kh1 Rxf1+ 30. Bxf1) 27... Bxf5 28. Qf3 Qe5 $1 29. Ra8+ Kh7 30. Bxf7 Ng4 31. Bg8+ Kg6 32. Qc6+ Nf6 33. Ra1 Bd7 (33... h5 $14) 34. Qa6 Qe3+ 35. Kh1 Kh5 36. Bf7+ Kh4 37. Qc4+ g4 38. Rf1 (38. Nd5 $142 Qe4 39. Qxc5 Nxd5 40. Bxd5) 38... Bc6 39. Qf4 Qh3 $2 (39... Qxf4 40. Rxf4 Bd7) 40. Qf2+ $2 (40. Rf2 Qd3 41. Qe5) 40... g3 41. Qxg3+ Qxg3 42. hxg3+ Kxg3 43. Ne2+ Kh4 44. Rf4+ Kg5 45. Rc4 Nd7 46. Rc2 Be4 {[#]} 47. Rd2 $1 Ne5 48. Bd5 Bg6 49. b3 Nd3 50. Bc4 Nf2+ 51. Kg1 Ne4 52. Rd5+ Kf6 53. Bd3 Ke6 $18 (53... Bh7 54. Nf4 Ke7) 54. Nf4+ 1-0

[Event "Istanbul Open 2018"]
[Site "Istanbul"]
[Date "2018.09.02"]
[Round "2"]
[White "Nuri, Murad"]
[Black "Tinarlioglu, Emre"]
[Result "1-0"]
[ECO "A33"]
[WhiteElo "2284"]
[BlackElo "1796"]
[Annotator "ChessBase"]
[PlyCount "95"]
[EventDate "2018.09.02"]
[EventType "swiss"]
[EventCountry "TUR"]
[SourceTitle "playchess.com"]
[Source "ChessBase"]
[SourceQuality "1"]
[TimeControl "5400+30"]

1. d4 Nf6 2. c4 c5 3. Nf3 cxd4 4. Nxd4 e6 5. Nc3 Nc6 6. Bf4 d6 7. Ndb5 e5 8. Bg5 a6 9. Bxf6 gxf6 10. Na3 Be6 11. e3 Qa5 12. Be2 f5 13. O-O O-O-O 14. Nc2 d5 15. cxd5 Bxd5 16. Nxd5 Rxd5 17. Qb1 Bg7 18. Bc4 Rd7 19. b4 Qc7 20. b5 Na5 21. Be2 Rd2 22. Rc1 Kb8 23. Nd4 Qb6 24. Nxf5 Rxe2 25. Nxg7 axb5 26. Nf5 Rd2 27. Qe4 f6 28. Ng3 b4 29. Rab1 Nc6 30. Qc4 Qa5 31. Ne4 Rxa2 32. Nxf6 Rd8 33. Ne4 Qa3 34. Nc5 Rdd2 35. Qg8+ Nd8 36. Ne4 Rd7 37. Qe8 Rd5 38. Nf6 Rdd2 39. Nd7+ Rxd7 40. Qxd7 Nc6 41. Qxh7 Qa6 42. Qg8+ Ka7 43. Qxa2 Qxa2 44. Ra1 b3 45. Rxa2+ bxa2 46. Ra1 Nb4 47. h4 Kb6 48. h5 1-0

[Event "Istanbul Open 2018"]
[Site "Istanbul"]
[Date "2018.09.02"]
[Round "2"]
[White "Eryigit, Yakup"]
[Black "Ozveren, Ali Bulent"]
[Result "1-0"]
[ECO "A35"]
[WhiteElo "2030"]
[BlackElo "1849"]
[Annotator "NA"]
[PlyCount "67"]
[EventDate "2018.09.02"]
[EventType "swiss"]
[EventCountry "TUR"]
[SourceTitle "playchess.com"]
[Source "ChessBase"]
[SourceQuality "1"]
[TimeControl "5400+30"]

1. Nf3 c5 2. c4 Nc6 3. Nc3 g6 4. e3 Bg7 5. d4 cxd4 6. exd4 d6 7. Be2 {[%emt 0:05:30] LiveBook: 73 Games} Nh6 {[%emt 0:05:30] A35: Symmetrical English: 2 Nc3 Nc6 3 Nf3} 8. d5 Ne5 9. Nxe5 dxe5 10. O-O O-O 11. a4 $146 ({Predecessor:} 11. Re1 Nf5 12. Bd3 b6 13. a4 a5 14. Bg5 h6 15. Bd2 {½-½ (34) Gritsak,O (2548)-Lewicki,M (2222) Warsaw 2011}) 11... Nf5 12. a5 a6 13. b4 Nd4 14. Be3 Bf5 15. Rc1 ({Lieber} 15. Bd3 $16) 15... h5 ({Better is} 15... b6 $14) 16. Bd3 Bg4 17. f3 Bd7 18. c5 f5 (18... Nf5 $16 19. Bxf5 gxf5) 19. Ne2 Nxe2+ 20. Qxe2 Qe8 21. Bc4 Kh7 22. Rfd1 Ba4 23. Rd2 Rd8 24. Bg5 Rd7 25. b5 axb5 26. Bxb5 $16 Bxb5 27. Qxb5 Bf6 28. Be3 Qd8 29. Rcd1 f4 30. Bf2 e4 31. fxe4 Bc3 32. Rd3 Bxa5 33. e5 f3 34. e6 1-0

[Event "Istanbul Open 2018"]
[Site "Istanbul"]
[Date "2018.09.02"]
[Round "2"]
[White "Konduk, Bekir Sami"]
[Black "Abishli, Oghuz"]
[Result "1/2-1/2"]
[ECO "C01"]
[WhiteElo "1942"]
[BlackElo "2099"]
[Annotator "NA"]
[PlyCount "97"]
[EventDate "2018.09.02"]
[EventType "swiss"]
[EventCountry "TUR"]
[SourceTitle "playchess.com"]
[Source "ChessBase"]
[SourceQuality "1"]
[TimeControl "5400+30"]

1. e4 e6 2. Nf3 d5 3. Nc3 Nf6 4. exd5 exd5 5. d4 c6 6. Bg5 Bb4 {[%emt 0:11:30] C01: French: Exchange Variation} (6... Bd6 7. Be2 Nbd7 8. O-O O-O 9. Re1 Qb6 10. Rb1 Ne4 11. Nxe4 dxe4 12. Nd2 Qxd4 13. Nxe4 Bxh2+ 14. Kxh2 Qxe4 15. Bf3 Qf5 16. Be7 Re8 17. Qd4 {0-1 (36) Trabattoni,F (2353)-Huebner,R (2603) Penne 2004}) 7. Bd3 Be6 8. O-O Nbd7 9. Ne2 h6 $146 ({Predecessor:} 9... Qc7 10. Rc1 h6 11. Bh4 g5 12. Bg3 Bd6 13. Re1 O-O-O 14. c4 {1-0 (27) Reuter,M (1518)-Koenig,D (1296) Willingen 2018}) 10. Bd2 Bxd2 11. Qxd2 O-O 12. h3 Ne4 13. Qf4 g5 14. Qe3 f5 15. Bxe4 (15. c4 $11) 15... dxe4 16. Ne5 Bd5 17. c4 Nxe5 18. cxd5 Nc4 19. Qb3 Na5 20. Qg3 cxd5 21. f4 Nc6 22. fxg5 Qxg5 23. Qb3 Rad8 24. Kh1 f4 25. Qxb7 Rd6 26. Rac1 Rg6 27. Rg1 Na5 28. Qc7 Nc4 29. Rcf1 Rg7 30. Qc6 Ne3 31. Rf2 Qh4 32. Qe6+ Kh7 33. g3 Rf6 34. gxh4 Rxg1+ 35. Kxg1 Rxe6 36. Rxf4 Rg6+ 37. Kf2 Nd1+ 38. Ke1 Nxb2 39. Rf7+ Rg7 $11 40. Rxg7+ Kxg7 41. Nc3 Nd3+ 42. Kd2 Nf4 43. Ke3 Ng2+ 44. Kf2 Nxh4 45. Nxd5 Nf5 46. Nc3 Nxd4 47. Nxe4 Kg6 48. Ke3 Nc6 49. Kf4 1/2-1/2

[Event "Istanbul Open 2018"]
[Site "Istanbul"]
[Date "2018.09.02"]
[Round "2"]
[White "Asgarov, Nihad"]
[Black "Emir, Emirhan"]
[Result "0-1"]
[ECO "C02"]
[WhiteElo "1937"]
[BlackElo "1852"]
[Annotator "NA"]
[PlyCount "76"]
[EventDate "2018.09.02"]
[EventType "swiss"]
[EventCountry "TUR"]
[SourceTitle "playchess.com"]
[Source "ChessBase"]
[SourceQuality "1"]
[TimeControl "5400+30"]

1. e4 e6 2. d4 d5 3. e5 c5 4. c3 Nc6 5. Nf3 Qb6 6. Bd3 cxd4 7. cxd4 Bd7 ({Vergiftet wäre} 7... Nxd4 $2 8. Nxd4 Bc5 9. Nb5 $18) 8. O-O Nxd4 9. Nxd4 Qxd4 10. Nc3 a6 11. Qe2 Qb6 12. Kh1 Rc8 {[%emt 0:03:30] C02: Französische Verteidigung (Vorstoßvariante)} 13. f4 g6 $146 ({Vorgänger:} 13... Bc5 14. f5 Bd4 15. Bg5 Bxc3 16. bxc3 Rxc3 17. Bd2 Rc6 18. Qg4 Ne7 19. Rab1 Qc7 20. Qxg7 Rf8 21. f6 {1-0 (21) Bohak,J (2382)-Jaksa,C (2000) ICCF email 1999}) 14. g4 Ne7 15. Bd2 (15. Be3 $17 {keeps fighting.} d4 16. Bf2) 15... h5 ({Don't play} 15... Qxb2 16. Rab1 $15) 16. f5 exf5 17. gxf5 gxf5 18. e6 fxe6 19. Bxf5 exf5 ({Weaker is} 19... Nxf5 20. Rxf5 Be7 21. Re1 $17) 20. Rae1 Qc6 $19 21. Qe5 d4+ 22. Nd5 Qxd5+ 23. Qxd5 Bc6 24. Rxf5 Bxd5+ 25. Rxd5 Rd8 26. Rde5 Rd7 27. Bb4 d3 28. Kg2 d2 29. Rd1 Bg7 30. Rxe7+ Rxe7 31. Bxe7 Kxe7 32. Rxd2 Rd8 33. Re2+ Kf7 34. Kh3 Bf6 35. Rc2 Rd3+ 36. Kg2 Kg6 37. b3 b5 38. Kf1 Rd1+ 0-1

[Event "Istanbul Open 2018"]
[Site "Istanbul"]
[Date "2018.09.02"]
[Round "2"]
[White "Acarbay, Aydin"]
[Black "Guven, Oguz Kagan"]
[Result "0-1"]
[ECO "A31"]
[WhiteElo "1894"]
[BlackElo "2022"]
[Annotator "NA"]
[PlyCount "56"]
[EventDate "2018.09.02"]
[EventType "swiss"]
[EventCountry "TUR"]
[SourceTitle "playchess.com"]
[Source "ChessBase"]
[SourceQuality "1"]
[TimeControl "5400+30"]

1. d4 Nf6 2. c4 c5 3. Nf3 cxd4 4. Nxd4 e5 5. Nc2 Nc6 {[%emt 0:06:30] LiveBook: 23 Partien A31: Symmetrical English: 2 Nf3 Nf6 3 d4} (5... d5 6. cxd5 Qxd5 7. Qxd5 Nxd5 8. e4 Nb4 9. Nxb4 Bxb4+ 10. Bd2 Bxd2+ 11. Nxd2 Ke7 12. Bc4 Nc6 13. Rc1 Rd8 14. Nf3 Bg4 15. Bd5 Bxf3 16. gxf3 Nd4 17. Kd2 Ne6 18. Ke3 {0-1 (45) Ftacnik,L (2548)-Salem,A (2628) Baku 2016}) 6. g3 Bc5 ({Black should play} 6... d5 $15) 7. Bg2 d6 8. O-O Be6 9. Ne3 $146 ({Predecessor:} 9. b3 O-O 10. Nc3 h6 11. Be3 Bxe3 12. Nxe3 Ne8 13. Ned5 {1-0 (42) Herrera,P (2080)-Tomeo,N (2050) Ciudadela 2008}) 9... Bxe3 10. Bxe3 O-O 11. b3 d5 12. Bc5 Re8 13. cxd5 Bxd5 14. Bxd5 Nxd5 15. Qd2 b6 16. Rd1 Nf6 17. Ba3 Qc8 18. e3 e4 19. Bb2 Qf5 20. Bxf6 Qxf6 21. Na3 Rad8 22. Qe2 Ne5 $15 23. Rxd8 Rxd8 24. Rd1 Rd3 25. Rc1 g6 26. Nc4 Nf3+ 27. Kg2 b5 28. Qb2 Qf5 0-1

[Event "Istanbul Open 2018"]
[Site "Istanbul"]
[Date "2018.09.02"]
[Round "2"]
[White "Tahaoglu, Ugur Barkin"]
[Black "Mohannad, Farhan"]
[Result "0-1"]
[ECO "A47"]
[WhiteElo "1893"]
[BlackElo "2201"]
[Annotator "NA"]
[PlyCount "136"]
[EventDate "2018.09.02"]
[EventType "swiss"]
[EventCountry "TUR"]
[SourceTitle "playchess.com"]
[Source "ChessBase"]
[SourceQuality "1"]
[TimeControl "5400+30"]

1. d4 Nf6 2. Bf4 Ng8 3. Bc1 Nf6 4. Bf4 e6 5. e3 c5 6. c3 b6 7. Nd2 Bb7 8. Ngf3 Be7 9. Bd3 d6 {[%emt 0:00:30] LiveBook: 10 Games} 10. Qe2 {[%emt 0:01:30] A47: 1 d4 Nf6 2 Nf3 b6: Torre, London and Colle Systems} (10. O-O O-O 11. h3 Nc6 12. Qe2 Qc7 13. Ba6 Rad8 14. Bxb7 Qxb7 15. Bg5 h6 16. Bxf6 Bxf6 17. Rad1 Rfe8 18. Rfe1 d5 19. Qb5 a6 20. Qb3 {1-0 (50) Fridman,D (2569)-Movsesian,S (2624) playchess.com INT 2005}) 10... Nc6 11. Rd1 cxd4 12. exd4 O-O $146 ({Predecessor:} 12... Qd7 13. O-O Nd5 14. Bg3 O-O-O 15. c4 Ndb4 16. Bb1 {1-0 (30) Vospernik,M (2073)-Orel,K (1982) Bled 2004}) 13. O-O Re8 14. Ne4 Nxe4 15. Qxe4 g6 16. Qe3 Rc8 17. h4 Na5 18. Qe2 Bf6 19. h5 Qc7 20. Ng5 e5 21. Nxh7 Kxh7 22. hxg6+ Kg8 23. Qg4 Bg7 24. dxe5 dxe5 25. Bh6 e4 26. Bxg7 (26. Bf4 $16 Qe7 27. Bb5 fxg6 28. Bxe8 (28. Qxg6 Bc6 $11) 28... Rxe8 29. Rd6 (29. Qxg6 Rf8 $14)) 26... f5 $1 (26... exd3 27. gxf7+ Qxf7 28. Be5+ Kf8 29. Bd6+ Re7 30. Rxd3 $18) 27. Qxf5 Kxg7 28. Bb5 Re7 29. Rd7 Rxd7 30. Bxd7 Rf8 31. Qh3 Rh8 32. Qg3 Qxg3 33. fxg3 Kxg6 34. Bf5+ Kg7 35. g4 Re8 36. Rd1 Re7 37. Rd6 $2 (37. Kf2 {was worth a try.}) 37... Nc4 38. Rg6+ Kf8 39. Be6 Rxe6 40. Rxe6 Nxb2 41. Kf2 Nd1+ 42. Kg3 Nxc3 43. g5 Bd5 44. Re5 Bxa2 45. Kf4 a5 46. g6 (46. Ke3 $142 a4 47. Kd2) 46... a4 47. Kg5 a3 48. Kh6 Bg8 49. g7+ Kf7 50. Rf5+ Ke7 51. Rf8 Bd5 52. Ra8 a2 53. Ra7+ Kf6 54. g4 e3 55. g5+ Kf5 56. g6 Bg8 57. Ra8 Kg4 58. Ra4+ Kg3 59. Ra8 e2 60. Rxg8 e1=Q 61. Rf8 Qh1+ 62. Kg5 Ne4+ 63. Kf5 Qf3+ 64. Ke6 Qg4+ 65. Ke7 Qg5+ 66. Kf7 Qf6+ 67. Kg8 Qxg6 68. Kh8 a1=Q 0-1

[Event "Istanbul Open 2018"]
[Site "Istanbul"]
[Date "2018.09.02"]
[Round "2"]
[White "Onur, Cem"]
[Black "Gulsoy, Mustafa Alpago"]
[Result "0-1"]
[ECO "B13"]
[WhiteElo "1890"]
[BlackElo "2061"]
[Annotator "NA"]
[PlyCount "126"]
[EventDate "2018.09.02"]
[EventType "swiss"]
[EventCountry "TUR"]
[SourceTitle "playchess.com"]
[Source "ChessBase"]
[SourceQuality "1"]
[TimeControl "5400+30"]

1. e4 c6 2. d4 g6 3. Nf3 d5 4. exd5 cxd5 5. Bd3 Nc6 6. c3 Bg7 7. O-O Nh6 8. Bf4 f6 {[%emt 0:00:30] B13: Caro-Kann (Abtausch-Variante 4.c4)} (8... O-O 9. Re1 Re8 10. Qd2 Nf5 11. Na3 a6 12. Nc2 f6 13. c4 dxc4 14. Bxc4+ Kh8 15. Rad1 b5 16. Bf7 Rf8 17. Be6 Bxe6 18. Rxe6 {½-½ (34) Singer,C (2401)-Bayer,B (2411) Austria 2018}) 9. c4 O-O 10. cxd5 Qxd5 11. Nc3 Qd8 12. Qb3+ $146 ({Vorgänger:} 12. d5 Ne5 13. Be2 Nxf3+ 14. Bxf3 g5 15. Be3 {1-0 (44) Anwuli,D (2179)-Martin,O (2042) Lagos 2015}) 12... Kh8 13. d5 Na5 14. Qa4 Bd7 15. Qd4 (15. Bb5 $16 Bf5 16. Bxh6 Bxh6 17. Qh4) 15... b6 ({Black should play} 15... e5 $14 16. dxe6 Bxe6) 16. Bxh6 Bxh6 17. Qh4 Kg7 18. Nd4 a6 (18... f5 $16) 19. Rad1 b5 20. Ne6+ Bxe6 21. dxe6 Qb6 22. Nd5 Qa7 23. b4 Nc6 24. Be4 Ne5 25. Nxe7 Qxe7 26. Bxa8 Rxa8 27. f4 Qxb4 28. Qg3 Bxf4 29. Rxf4 Qe7 30. Qb3 Re8 31. Rfd4 Qxe6 32. Qxe6 Rxe6 33. Rd6 Kf7 34. Rd8 Rc6 35. Ra8 Ke6 36. Re8+ Kf5 37. Rf1+ Kg5 38. Re7 h5 39. Ra7 Nd3 40. Rd7 Ne5 41. Ra7 f5 42. Re7 Ng4 43. h3 Nf6 44. Re2 h4 45. Ra1 Ne4 46. Ree1 Kf4 47. a4 b4 48. a5 Nc3 49. Re7 Nd5 50. Rb7 g5 51. Rd7 (51. Re1 $11 {remains equal.}) 51... Ne3 52. Re1 $1 Nc2 (52... Rc3 $15 53. Kf2 b3) 53. Re2 b3 54. Rd3 g4 55. Rxb3 Nd4 56. Rf2+ Ke4 57. Rb1 g3 58. Re1+ Kd3 59. Ra2 f4 (59... Rc4 $1 $11) 60. Rd1+ Ke4 61. Re1+ Kf5 62. Rd2 Rc4 $11 63. Re8 Rc1+ 0-1

[Event "Istanbul Open 2018"]
[Site "Istanbul"]
[Date "2018.09.02"]
[Round "2"]
[White "Ozsakallioglu, Akin"]
[Black "Darban, Morteza"]
[Result "1/2-1/2"]
[ECO "B03"]
[WhiteElo "1861"]
[BlackElo "2333"]
[Annotator "ChessBase"]
[PlyCount "35"]
[EventDate "2018.09.02"]
[EventType "swiss"]
[EventCountry "TUR"]
[SourceTitle "playchess.com"]
[Source "ChessBase"]
[SourceQuality "1"]
[TimeControl "5400+30"]

1. e4 Nf6 2. e5 Nd5 3. c4 Nb6 4. d4 d6 5. f4 Bf5 6. Be3 e6 7. Nc3 Be7 8. Nf3 O-O 9. Be2 d5 10. b3 dxc4 11. bxc4 Nc6 12. O-O Na5 13. Nd2 h6 14. g4 Bh7 15. c5 Nd5 16. Nxd5 Qxd5 17. Bf3 Qd7 18. Nb3 1/2-1/2

[Event "Istanbul Open 2018"]
[Site "Istanbul"]
[Date "2018.09.02"]
[Round "2"]
[White "Mehrinejad, Mansour"]
[Black "Yalcinkaya, Efe"]
[Result "1/2-1/2"]
[ECO "D03"]
[WhiteElo "1839"]
[BlackElo "1534"]
[Annotator "NA"]
[PlyCount "123"]
[EventDate "2018.09.02"]
[EventType "swiss"]
[EventCountry "TUR"]
[SourceTitle "playchess.com"]
[Source "ChessBase"]
[SourceQuality "1"]
[TimeControl "5400+30"]

1. d4 Nf6 2. Bg5 d5 3. Nf3 e6 4. e3 c5 5. c3 Nbd7 6. Bd3 Be7 7. O-O O-O 8. Nbd2 b6 9. Ne5 Bb7 10. Ndf3 {[%emt 0:01:30] D03: 1 d4 d5 2 Nf3 Nf6 3 Bg5, including Torre Attack with early ...d5} (10. f4 Ne8 11. Bxe7 Qxe7 12. Rf3 g6 13. Rg3 Ng7 14. Rh3 f6 15. Nxd7 Qxd7 16. Qg4 Nf5 17. Qe2 e5 18. fxe5 fxe5 19. dxe5 {½-½ (36) Ponomarev,D (2409)-Goganov,A (2608) Voronezh 2015}) 10... Nxe5 11. Nxe5 Ne4 12. f3 Nd6 13. Bxe7 Qxe7 14. Qc2 f5 $146 ({Predecessor:} 14... g6 15. Rae1 f6 16. Bxg6 fxe5 17. dxe5 Nf5 18. Bxf5 Rxf5 19. f4 Kh8 20. g4 Rg8 {0-1 (28) Bejatovic,B-Jalabadze,N (1995) Kemer 2007}) 15. Qe2 a5 16. Rae1 a4 17. a3 Qe8 18. Qf2 c4 19. Bb1 Qb5 20. Re2 Qe8 21. Qh4 Rd8 (21... Nf7 $14) 22. g4 g6 (22... Rc8 $16 {war nötig.}) 23. h3 Rc8 24. Qg3 Rc7 25. Nxg6 Qxg6 26. Qxd6 Rcf7 27. Qg3 Qh6 28. f4 Rg7 29. g5 Qg6 30. Bc2 b5 31. h4 h5 32. Bd1 Kh8 33. Rg2 Rh7 34. Qf3 Kg7 35. Qe2 Ra8 36. Bc2 Bc6 37. Rb1 Rhh8 38. Kh2 Rhb8 39. Kg3 Kh7 40. Bd1 Be8 41. Qf3 Kg7 42. Rg1 Kh7 43. Re1 Rd8 44. Rc1 Ra6 45. Rc2 Rad6 46. Rd2 Bc6 47. Bc2 Kg7 48. Kh2 Kh7 $16 49. Rf2 (49. Rde2 ) 49... Kg7 50. Qh3 Kh7 51. Bd1 Kg7 52. Bf3 Kh7 53. Qg2 Kg7 54. Qf1 Kh7 55. Qe2 Rh8 56. Qd1 Kg7 57. Qc2 Re8 58. Be2 Ra8 59. Kg3 Kh7 60. Kf3 Kg7 61. Bd1 Kh7 62. Qb1 1/2-1/2

[Event "Istanbul Open 2018"]
[Site "Istanbul"]
[Date "2018.09.02"]
[Round "2"]
[White "Teymurov, Elnur"]
[Black "Adiguzel, Eray"]
[Result "0-1"]
[ECO "B52"]
[WhiteElo "1823"]
[BlackElo "1295"]
[Annotator "NA"]
[PlyCount "112"]
[EventDate "2018.09.02"]
[EventType "swiss"]
[EventCountry "TUR"]
[SourceTitle "playchess.com"]
[Source "ChessBase"]
[SourceQuality "1"]
[TimeControl "5400+30"]

1. e4 c5 2. Nf3 d6 3. Bb5+ Bd7 4. c4 e5 {[%emt 0:06:30] B52: Sicilian: Moscow Variation with 3...Bd7} (4... Nc6 5. d4 cxd4 6. Nxd4 g6 7. Nc3 Bg7 8. Be3 Nf6 9. f3 O-O 10. Bxc6 bxc6 11. O-O e5 12. Nde2 Be6 13. Qa4 d5 14. cxd5 cxd5 15. exd5 Nxd5 16. Nxd5 Qxd5 {½-½ (31) Romanov,E (2619)-Artemiev,V (2704) Sochi 2018}) 5. Nc3 Nf6 6. d3 h6 7. Bxd7+ Qxd7 8. Ne2 $146 ({Predecessor:} 8. O-O Nc6 9. a3 Be7 10. Be3 Nd4 11. b4 Nxf3+ 12. Qxf3 Qg4 13. Qxg4 Nxg4 {1-0 (65) Pancevski,F (2502)-Stojkoski,A (2196) Ohrid 2017}) 8... Nc6 9. Bd2 a5 10. a4 Nb4 11. Bxb4 axb4 12. O-O Be7 13. Ng3 h5 14. Nf5 g6 15. Nxe7 Kxe7 16. b3 g5 (16... h4 $15 {stays ahead.}) 17. Ne1 (17. Nxg5 $16 Rag8 18. h4) 17... h4 18. Nc2 Nh5 19. Ne3 Nf6 20. Qf3 Rag8 (20... Qe6 $11) 21. Qf5 Qxf5 22. Nxf5+ Ke6 23. Ne3 Nh5 24. g3 g4 25. Nf5 hxg3 26. fxg3 Ng7 27. Ne3 Ne8 28. Nd5 Rg5 29. a5 f5 30. a6 bxa6 31. Rxa6 Rh7 32. Ra8 Nf6 33. Rf8 Rh6 34. Rxf5 Rxf5 35. exf5+ Kxf5 36. Kg2 Ke6 37. Nxf6 Rxf6 38. Rg8 Rf3 39. Rxg4 Rxd3 40. Re4 d5 41. Re2 dxc4 42. bxc4 b3 43. Rb2 e4 44. h4 Ke5 45. h5 Kd4 46. h6 Kc3 47. h7 Rd8 48. Rb1 Rh8 49. Kf2 Rxh7 50. Ke3 b2 51. Kxe4 Kc2 52. Rf1 b1=Q 53. Rxb1 Kxb1 54. g4 Kb2 55. Kd5 Kb3 56. Kxc5 Rc7+ 0-1

[Event "Istanbul Open 2018"]
[Site "Istanbul"]
[Date "2018.09.02"]
[Round "2"]
[White "Topac, Ahmet Eren"]
[Black "Kuseyri, Mehmet Ali"]
[Result "0-1"]
[ECO "C47"]
[WhiteElo "1803"]
[BlackElo "1962"]
[Annotator "NA"]
[PlyCount "52"]
[EventDate "2018.09.02"]
[EventType "swiss"]
[EventCountry "TUR"]
[SourceTitle "playchess.com"]
[Source "ChessBase"]
[SourceQuality "1"]
[TimeControl "5400+30"]

1. e4 e5 2. Nf3 Nc6 3. d4 exd4 4. Ng1 Nb8 5. Nf3 Nc6 6. Nxd4 Nf6 7. Nc3 Bb4 8. Nxc6 bxc6 9. Bd3 O-O 10. Bg5 h6 11. Bh4 Re8 12. O-O g5 13. Bg3 Bxc3 14. bxc3 Nxe4 {[%emt 0:00:30] C47: Schottisches Vierspringerspiel} 15. Qh5 Kg7 (15... d6 16. f4 Bf5 17. Bxe4 Bxe4 18. fxg5 Qxg5 19. Qxf7+ Kh8 20. Qxc7 Bxg2 21. Kxg2 Re2+ 22. Rf2 Rxf2+ 23. Kxf2 Rf8+ 24. Kg2 Qd5+ 25. Kg1 Qc5+ 26. Kg2 Qd5+ {½-½ (24) Stevic,H (2587)-Saric,I (2677) Pozega 2018}) 16. Rae1 d5 17. f4 $146 ({Vorgänger:} 17. Bxe4 Rxe4 18. Rxe4 dxe4 19. f4 f5 20. fxg5 hxg5 21. Be5+ Kf8 22. Qh8+ {1-0 (20) Vazquez Gonzalez,F (1929)-Blanco Diez,D (1719) Madrid 2015}) 17... Nxg3 18. hxg3 Rxe1 19. Rxe1 Bd7 20. Re5 gxf4 21. gxf4 Qf6 22. g4 Qxf4 23. g5 Qg3+ ({Inferior is} 23... Qxe5 24. Qxh6+ Kg8 25. Bh7+ Kh8 26. Bg6+ Kg8 27. Qh7+ Kf8 28. Qxf7#) 24. Kh1 {[%emt 0:00:00] [#]} Rh8 $1 ({Minderwertig wäre} 24... Qxe5 25. Qxh6+ Kg8 26. Bh7+ Kh8 27. Bg6+ Kg8 28. Qh7+ Kf8 29. Qxf7#) 25. Re7 Be6 26. g6 Rb8 $19 0-1

[Event "Istanbul Open 2018"]
[Site "Istanbul"]
[Date "2018.09.02"]
[Round "2"]
[White "Kavacik, Ahmet"]
[Black "Yilmaz, Gokcen"]
[Result "1-0"]
[ECO "D94"]
[WhiteElo "1800"]
[BlackElo "1464"]
[Annotator "NA"]
[PlyCount "79"]
[EventDate "2018.09.02"]
[EventType "swiss"]
[EventCountry "TUR"]
[SourceTitle "playchess.com"]
[Source "ChessBase"]
[SourceQuality "1"]
[TimeControl "5400+30"]

1. d4 d5 2. c4 c6 3. Nf3 Nf6 4. e3 g6 5. Nc3 Bg7 6. b3 O-O 7. Bd3 Bg4 8. h3 Bxf3 9. Qxf3 Nbd7 10. O-O e6 11. Bb2 Re8 12. e4 {[%emt 0:01:30] D94: Grünfeldindisch (Geschlossenes System)} (12. Rfd1 Qe7 13. a4 a5 14. Ba3 Qd8 15. Bd6 Bf8 16. Bg3 Qb6 17. Rab1 Qb4 18. Ne2 Bg7 19. cxd5 exd5 20. Rdc1 Nf8 {1-0 (51) Shirov,A (2673)-Artemiev,V (2653) Moscow 2016}) 12... dxe4 13. Nxe4 Nxe4 14. Bxe4 Nf6 ({Günstiger ist} 14... e5 $15) 15. Bc2 Nh5 $146 ({Vorgänger:} 15... Qb6 16. Rad1 Nd7 17. Rfe1 Qa6 18. Bb1 Rad8 19. h4 c5 {0-1 (42) Wittkugel,F (1941)-Langmann,C (1834) Buesum 2017}) 16. Rad1 Qf6 17. Qe3 Qf4 18. Bc1 Qxe3 19. Bxe3 Red8 20. Rd2 Rd7 21. Rfd1 Rad8 22. Be4 a6 23. d5 exd5 ({Günstiger ist} 23... cxd5 $1 $11 24. Bf3 Nf6) 24. cxd5 Nf6 25. Bf3 Nxd5 26. Bg5 Bf6 27. Bxd5 (27. Rxd5 $5 Rxd5 28. Rxd5 Rxd5 29. Bxf6 $14) 27... Rxd5 $4 (27... Bxg5 $11 {und Schwarz muss sich keine Sorgen machen.} 28. Bxf7+ Rxf7 29. Rxd8+ Bxd8 30. Rxd8+ Kg7) 28. Rxd5 Rxd5 29. Rxd5 cxd5 30. Bxf6 Kf8 31. Kf1 Ke8 32. Ke2 Kd7 33. Kd3 Ke6 34. Bb2 b6 35. g4 Kd6 36. Kd4 Ke6 37. a4 $18 Kd6 38. Ba3+ Ke6 39. f4 f5 40. g5 1-0